[Event "ENG-ch Women 2019"]
[Site "Hull"]
[Date "2019.08.30"]
[Round "1.2"]
[White "Longson, Sarah N"]
[Black "Sengenberger, Sara"]
[Result "1-0"]
[ECO "B34"]
[WhiteElo "2095"]
[BlackElo "1570"]
[Annotator "NA RC"]
[PlyCount "95"]
[EventDate "2019.08.30"]
[EventType "swiss"]
[EventCountry "ENG"]
[SourceTitle "playchess.com"]
[Source "ChessBase"]
[SourceQuality "1"]
[TimeControl "5400+30"]

1. e4 c5 2. Nf3 g6 3. d4 cxd4 4. Nxd4 Nc6 5. Be3 Bg7 6. Nc3 Nf6 7. f3 O-O 8. Qd2 a6 9. O-O-O {[%emt 0:01:18] B34: Sicilian: Accelerated Dragon with 5 Nc3: sidelines} (9. Bc4 b5 10. Bb3 Na5 11. O-O-O Nxb3+ 12. cxb3 Bb7 13. Kb1 Rc8 14. h4 h5 15. Bg5 d6 16. g4 hxg4 17. Bxf6 exf6 18. fxg4 {1-0 (43) Haftmann,R (1718)-Eckert,M (1558) Hofheim 2019}) 9... Qa5 10. Nb3 Qc7 11. g4 Rd8 12. g5 $146 ({Predecessor:} 12. Be2 e5 13. h4 b5 14. h5 d6 15. hxg6 fxg6 {0-1 (53) Slawtschew,S-Fey,F Sebnitz 1998}) 12... Nh5 13. f4 Bxc3 14. Qxc3 Nxf4 15. Qd2 e5 16. Bxf4 exf4 17. h4 d6 18. h5 Ne5 19. Qxf4 Qe7 20. Be2 Rf8 21. Qh4 Be6 22. hxg6 (22. Nd4 $16 Bc4 23. Bxc4 Nxc4 24. Rdf1) 22... fxg6 23. Rxd6 Rf7 $1 24. Rdd1 Rd8 25. Kb1 Bc4 26. Bxc4 Nxc4 27. Rd3 Ne5 28. Rxd8+ Qxd8 29. Qg3 Nf3 30. Nc5 Qxg5 $2 (30... Qc7 $15 {stays ahead.} 31. Qxc7 Rxc7) 31. Qb8+ {[%emt 0:00:39] Double Attack} Rf8 32. Qxf8+ Kxf8 33. Ne6+ Kf7 34. Nxg5+ Nxg5 35. c4 h5 36. Rh4 Ke6 37. Kc2 Ke5 38. Kd3 Nf3 39. Rh3 Kf4 $2 {[%emt 0:00:16] [#]} (39... Ng5 40. Rh1 Nf7) 40. Rxf3+ $1 Kxf3 41. e5 g5 42. e6 g4 43. e7 g3 44. e8=Q g2 45. Qxh5+ Kf2 46. Qe2+ Kg3 47. Qe1+ Kh3 48. Qg1 1-0

[Event "ENG-ch Women 2019"]
[Site "Hull"]
[Date "2019.08.30"]
[Round "1.3"]
[White "Maladkar, Ritika"]
[Black "Head, Louise"]
[Result "0-1"]
[ECO "A21"]
[WhiteElo "1561"]
[BlackElo "2092"]
[Annotator "NA RC"]
[PlyCount "82"]
[EventDate "2019.08.30"]
[EventType "swiss"]
[EventCountry "ENG"]
[SourceTitle "playchess.com"]
[Source "ChessBase"]
[SourceQuality "1"]
[TimeControl "5400+30"]

1. c4 e5 2. Nc3 Bb4 3. Nd5 Be7 4. g3 Nf6 (4... c6 5. Nxe7 Qxe7 6. Bg2 Nf6 7. d3 h6 8. Nf3 O-O 9. O-O d5 10. cxd5 cxd5 11. a3 Nc6 12. b4 {1-0 (60) Feller,S (2626)-Arun Prasad,S (2502) Nancy 2015}) 5. Bg2 O-O 6. e3 {[%emt 0:03:28] A21: English Opening: 1...e5 2 Nc3} Nxd5 7. cxd5 c6 $146 ({Predecessor:} 7... d6 8. Ne2 f5 9. f4 Nd7 10. d3 Nf6 11. O-O Bd7 12. Qb3 {1-0 (47) Pfatteicher,L (2120)-Becker,A (2102) Baden 2014}) 8. Ne2 cxd5 9. Bxd5 Nc6 10. a3 d6 11. O-O Bh3 12. Re1 Be6 13. Nc3 Qd7 14. b4 Bf6 15. Bb2 g6 16. f4 exf4 17. Bxe6 fxe6 18. exf4 Bd4+ 19. Kg2 e5 20. Rf1 Qe6 21. Rb1 exf4 22. gxf4 Rf5 23. Qe2 Qf7 24. Rbe1 Rxf4 25. Rxf4 Qxf4 26. Rf1 Qe5 27. Qxe5 Nxe5 28. Bc1 Bxc3 29. dxc3 Rc8 30. Bb2 (30. Bh6 $17) 30... Nc4 31. Bc1 Re8 32. Kf3 {[%emt 0:00:44] [#]} (32. a4 $17) 32... Rf8+ $1 33. Ke2 Rxf1 34. Kxf1 Kf7 35. Ke2 Ke6 36. Kf3 Kf5 37. a4 a5 38. bxa5 Nxa5 39. Bf4 Nc4 40. h4 Ke6 41. Ke4 $19 Nb6 0-1

[Event "ENG-ch Women 2019"]
[Site "Hull"]
[Date "2019.08.30"]
[Round "1.4"]
[White "Bhatia, Kanwal K"]
[Black "Bridgeman, Niamh"]
[Result "1-0"]
[ECO "C07"]
[WhiteElo "2044"]
[BlackElo "1511"]
[Annotator "NA RC"]
[PlyCount "71"]
[EventDate "2019.08.30"]
[EventType "swiss"]
[EventCountry "ENG"]
[SourceTitle "playchess.com"]
[Source "ChessBase"]
[SourceQuality "1"]
[TimeControl "5400+30"]

1. e4 e6 2. d4 d5 3. Nd2 c5 4. exd5 Qxd5 5. Ngf3 cxd4 6. Nb3 {[%emt 0:01:23] C07: French Tarrasch: 3...c5, 4 Ngf3 and 4 exd5 Qxd5} (6. Bc4 Qd6 7. O-O Nf6 8. Nb3 Nc6 9. Nbxd4 Nxd4 10. Nxd4 a6 11. Re1 Qc7 12. Bf1 Be7 13. Qf3 O-O 14. Bf4 Bd6 15. Bxd6 Qxd6 16. Rad1 Qc7 17. c4 Rb8 18. Qg3 Qxg3 19. hxg3 Bd7 {½-½ (61) Karjakin,S (2773)-Duda,J (2737) chess.com INT 2018}) 6... Nc6 7. Nbxd4 Nxd4 8. Qxd4 Qxd4 9. Nxd4 Bd7 10. Bf4 Nf6 $146 ({Predecessor:} 10... a6 11. Bd3 Nf6 12. O-O Rc8 13. c3 Bc5 {½-½ (43) Montero Gonzalez,P-Ortiz Dosal,A Mexico 2001}) 11. Nb5 Nd5 12. Nd6+ Bxd6 13. Bxd6 Rc8 14. O-O-O f6 15. Be2 Kf7 16. Rhe1 Rhd8 17. Bg3 Ba4 18. b3 Bd7 19. Bc4 Bc6 20. Kb2 b5 21. Be2 Ne7 22. f3 Rxd1 23. Rxd1 Nf5 24. Bf2 Rc7 25. c4 a6 26. Kc3 Rd7 {[%emt 0:02:42] [#]} 27. Rxd7+ $1 Bxd7 28. cxb5 axb5 29. Bc5 Ke8 (29... e5 $142 30. Kb4 Nd4) 30. Kb4 Kd8 31. Bxb5 Bxb5 32. Kxb5 Nh4 33. Kc6 Kc8 34. b4 Nxg2 35. b5 Nf4 36. b6 1-0

[Event "ENG-ch Women 2019"]
[Site "Hull"]
[Date "2019.08.30"]
[Round "1.5"]
[White "Headlong, Georgia"]
[Black "Varney, Zoe"]
[Result "0-1"]
[ECO "C66"]
[WhiteElo "1482"]
[BlackElo "1975"]
[Annotator "NA RC"]
[PlyCount "86"]
[EventDate "2019.08.30"]
[EventType "swiss"]
[EventCountry "ENG"]
[SourceTitle "playchess.com"]
[Source "ChessBase"]
[SourceQuality "1"]
[TimeControl "5400+30"]

1. e4 e5 2. Nf3 Nc6 3. Nc3 Nf6 4. Bb5 d6 5. d4 exd4 6. Nxd4 Bd7 7. Bxc6 bxc6 8. O-O Be7 9. Re1 O-O 10. Bg5 h6 11. Bh4 Qb8 $146 {[%emt 0:08:48] C66: Ruy Lopez: Steinitz Defence} ({Predecessor:} 11... Re8 12. Qd3 g5 13. Bg3 Nh5 14. e5 Bf8 15. Rad1 Nxg3 16. hxg3 Bg7 17. f4 dxe5 18. Nf3 Bg4 19. Qxd8 Raxd8 20. Rxd8 Rxd8 21. Nxe5 {½-½ (40) Labonte,R (2460)-Miettinen,K (2339) ICCF email 2013}) 12. Rb1 Re8 13. e5 Nd5 14. Bxe7 Nxe7 15. e6 fxe6 16. Nxe6 Nf5 17. Nf4 Qb4 18. Nd3 Qh4 19. Qd2 Nd4 20. Ne2 Bf5 21. c3 (21. Ng3 $11 {keeps the balance.}) 21... Nxe2+ 22. Rxe2 Qc4 23. Rxe8+ Rxe8 24. Re1 Rxe1+ 25. Nxe1 Qxa2 26. h3 a5 27. Nf3 Be4 28. Qe2 Qd5 29. c4 (29. Ne1 $17 {was called for.}) 29... Qf5 30. Nd4 {[%emt 0:05:52] [#]} Qg6 $1 31. f3 Bd3 (31... c5 $17 32. Nb5 Bd3) 32. Qd2 Bxc4 33. Nxc6 Qb1+ 34. Kh2 {[%emt 0:00:35] [#]} a4 $1 35. Qd4 Qc2 36. Kg3 Bf1 37. Qf2 Qxc6 38. Qxf1 Qc2 39. Qb5 Kh7 40. f4 Qb3+ 41. Qxb3 axb3 42. f5 c5 43. Kf4 c4 0-1

[Event "ENG-ch Women 2019"]
[Site "Hull"]
[Date "2019.08.30"]
[Round "1.6"]
[White "Jaufarally, Nadia"]
[Black "Boztas, Lana"]
[Result "1-0"]
[ECO "B54"]
[WhiteElo "1934"]
[BlackElo "1475"]
[Annotator "NA RC"]
[PlyCount "87"]
[EventDate "2019.08.30"]
[EventType "swiss"]
[EventCountry "ENG"]
[SourceTitle "playchess.com"]
[Source "ChessBase"]
[SourceQuality "1"]
[TimeControl "5400+30"]

1. e4 c5 2. Nf3 Nc6 3. d4 cxd4 4. Nxd4 a6 5. Nc3 d6 6. Be3 Qa5 {[%emt 0:03:04] B54: Sicilian: 2...d6 3 d4 cxd4 4 Nxd4, Unusual Lines} 7. Qd2 Nf6 8. f3 Bd7 9. Bc4 e6 10. O-O $146 ({Predecessor:} 10. Bb3 Be7 11. g4 h6 12. h4 b5 13. O-O-O O-O-O 14. Qf2 Kb7 15. g5 hxg5 16. hxg5 Nxd4 17. Bxd4 {1-0 (47) Palac,M (2573)-Verat,L (2316) Paris 2000}) 10... Rc8 11. Bb3 Ne5 12. Rad1 Nc4 13. Bxc4 Rxc4 14. Nb3 Qc7 15. Bf4 e5 16. Bg5 Rc6 17. Bxf6 gxf6 18. Nd5 Qd8 19. Na5 Be6 20. Nxc6 bxc6 21. Nc3 Qb6+ 22. Kh1 h5 23. f4 Qb4 24. a3 Qb8 25. Qd3 Qb7 26. f5 Bd7 27. b4 Be7 28. Rb1 Qa7 29. a4 Bc8 30. b5 cxb5 31. axb5 axb5 32. Nxb5 Qc5 33. Rfd1 O-O 34. Qe2 Ba6 35. Rb3 Rc8 36. Qxh5 Bf8 37. Rg3+ Bg7 {[%emt 0:00:08] [#]} 38. Qh6 $1 Kf8 39. Qxg7+ Ke7 40. Rxd6 Qxb5 41. Qxf6+ Kf8 42. Rd8+ Rxd8 43. Qxd8+ Qe8 44. Rg8+ 1-0

[Event "ENG-ch Women 2019"]
[Site "Hull"]
[Date "2019.08.30"]
[Round "1.7"]
[White "Ball, Katie C"]
[Black "Posadas, Rayelynn"]
[Result "0-1"]
[ECO "D02"]
[WhiteElo "1472"]
[BlackElo "1885"]
[Annotator "NA RC"]
[PlyCount "94"]
[EventDate "2019.08.30"]
[EventType "swiss"]
[EventCountry "ENG"]
[SourceTitle "playchess.com"]
[Source "ChessBase"]
[SourceQuality "1"]
[TimeControl "5400+30"]

1. d4 d5 2. Nf3 Nf6 3. Bg5 c6 4. c3 Bf5 5. e3 (5. Bxf6 exf6 6. e3 Bd6 7. Bd3 Be6 8. Qc2 g6 9. Nbd2 f5 10. c4 Nd7 11. O-O O-O 12. a3 Nf6 13. cxd5 Bxd5 14. Bc4 Re8 {½-½ (72) Ghaem Maghami,E (2554)-Vitiugov,N (2734) Khanty-Mansiysk 2013}) 5... Nbd7 6. Bd3 {[%emt 0:05:26] D02: 1 d4 d5 2 Nf3 sidelines, including 2...Nf6 3 g3 and 2...Nf6 3 Bf4} Ne4 7. Bh4 b6 $146 ({Predecessor:} 7... Qc7 8. O-O e6 9. Qe2 Bd6 10. Bg3 O-O 11. Bxd6 Nxd6 12. Nbd2 c5 13. Bxf5 Nxf5 {½-½ (24) Vavov,P (1736)-Pavlov,P (1652) Stara Zagora 2015}) 8. Ng5 Ndf6 9. f3 Nxg5 (9... Nd6 $1 $11) 10. Bxf5 Ne6 11. O-O g6 12. Bd3 g5 13. Bg3 h5 14. Ba6 Qd7 15. Qa4 Bh6 16. Nd2 g4 17. Rae1 h4 (17... b5 $1 $11 18. Qa5 h4) 18. Bxh4 Bxe3+ 19. Rxe3 Rxh4 20. b4 $2 (20. Qd1 $16) 20... Qc7 21. g3 Rh3 22. b5 {[%emt 0:02:40] [#]} Rxg3+ $1 {[%emt 0:01:02] Demolition} 23. Kf2 Rh3 24. bxc6 gxf3 25. Rxf3 Rxh2+ 26. Ke1 Nf8 27. R3f2 Rh3 28. Rf3 Rh2 29. R3f2 Rxf2 30. Rxf2 Rd8 31. a3 Rd6 32. Re2 Ng6 33. Nf3 Ne4 34. Re3 Kd8 35. Nd2 Nxd2 36. Kxd2 Rxc6 $19 37. Bb5 Rf6 38. Qb4 Rf2+ 39. Kd1 Ra2 40. a4 Ra1+ 41. Ke2 Qh2+ 42. Kf3 Qh1+ 43. Kf2 Qg1+ 44. Kf3 Nh4+ 45. Kf4 Ng2+ 46. Ke5 Qxe3+ 47. Kxd5 Qe6# 0-1

[Event "ENG-ch Women 2019"]
[Site "Hull"]
[Date "2019.08.30"]
[Round "1.8"]
[White "Zhu, Yaoyao"]
[Black "Arora, Tashika"]
[Result "1-0"]
[ECO "A05"]
[WhiteElo "1842"]
[BlackElo "1447"]
[Annotator "NA RC"]
[PlyCount "115"]
[EventDate "2019.08.30"]
[EventType "swiss"]
[EventCountry "ENG"]
[SourceTitle "playchess.com"]
[Source "ChessBase"]
[SourceQuality "1"]
[TimeControl "5400+30"]

1. e4 c5 2. Nf3 d6 3. d3 Nc6 4. g3 g6 5. Bg2 Bg7 6. O-O Nf6 7. Re1 O-O 8. c3 e6 {[%emt 0:01:22] A05: Réti Opening: 1 Nf3 Nf6} (8... e5 9. a3 h6 10. b4 b6 11. b5 Ne7 12. a4 a6 13. Na3 Be6 14. Bb2 Nd7 15. bxa6 Rxa6 16. Nb5 d5 17. exd5 Nxd5 {0-1 (62) Saric,I (2664)-Zherebukh,Y (2636) chess.com INT 2018}) 9. d4 cxd4 10. cxd4 d5 11. e5 Nd7 12. Nc3 a6 13. Bh3 $146 ({Predecessor:} 13. h4 f6 14. Bf4 fxe5 15. dxe5 {1-0 (39) Kotepalli,S (1944)-Aasha,C (1772) Chennai 2016}) 13... Nb6 14. Rb1 f6 15. Bf4 f5 16. Bf1 Re8 17. Qc1 Bf8 18. h4 h5 (18... Bd7 $16 {was called for.}) 19. Qd1 Bd7 20. Ng5 Rc8 21. a3 Na5 22. Qf3 Nac4 23. Bc1 Qc7 24. Ne2 Be7 25. Nf4 Bxg5 26. hxg5 Kg7 27. Bd3 Rh8 28. Ng2 (28. b3 $18 Na5 29. Qe3) 28... Na5 29. Bd2 (29. b3 $16) 29... Nb3 30. Bc3 Na4 $1 31. Bb4 Nxd4 32. Qf4 Nb3 33. Be7 Rhe8 34. Bf6+ Kh7 (34... Kf8 $142 35. Nh4 Kf7) 35. Qh4 Nac5 $2 (35... Nd2 36. Be2 Qc4) 36. Be2 Ne4 (36... Rh8 $18 37. Bxh5 Kg8 38. Bxh8 gxh5) 37. Bxh5 Nxf6 38. gxf6 Nc5 39. Nf4 Kg8 40. Bxg6 Bb5 41. f7+ Kf8 42. Qh8+ Ke7 43. Qf6+ Kd7 44. fxe8=Q+ Rxe8 45. Bxe8+ Kxe8 46. Nxe6 Nxe6 47. Qxe6+ Kd8 48. Qxd5+ Ke8 49. Qe6+ Kf8 50. Qd6+ Qxd6 51. exd6 Bd7 52. Rbc1 Bc6 53. Rxc6 bxc6 54. d7 Kf7 55. d8=Q Kg7 56. Re6 Kf7 57. Qd7+ Kf8 58. Re8# 1-0

[Event "ENG-ch Women 2019"]
[Site "Hull"]
[Date "2019.08.30"]
[Round "1.9"]
[White "Chaban, Roxolana"]
[Black "Hutchinson, Joanne"]
[Result "0-1"]
[ECO "B01"]
[WhiteElo "1281"]
[BlackElo "1802"]
[Annotator "NA RC"]
[PlyCount "72"]
[EventDate "2019.08.30"]
[EventType "swiss"]
[EventCountry "ENG"]
[SourceTitle "playchess.com"]
[Source "ChessBase"]
[SourceQuality "1"]
[TimeControl "5400+30"]

1. e4 d5 2. exd5 Qxd5 3. Nc3 Qa5 4. d4 Nf6 5. Bd2 Qb6 6. Nf3 Bf5 {[%emt 0:00:34] B01: Scandinavian Defence} (6... Bg4 7. h3 Bxf3 8. Qxf3 c6 9. O-O-O e6 10. Kb1 Nbd7 11. g4 Bb4 12. g5 Bxc3 13. Bxc3 Nd5 14. Be1 O-O 15. c4 Ne7 16. Bd3 c5 17. Bc3 Nc6 18. dxc5 Nxc5 19. Bxh7+ {1-0 (19) Fressinet,L (2667)-Munoz Pantoja,M (2494) Barcelona 2017}) 7. Bc4 e6 8. O-O c6 9. Bb3 Bd6 10. Re1 O-O 11. h3 Nbd7 12. Be3 Qc7 13. Qe2 Rfe8 14. Rad1 Rad8 $146 ({Predecessor:} 14... b5 15. a3 Nb6 {1-0 (75) Malekhina,A-Tairova,E Oropesa del Mar 2001}) 15. Nh4 Be4 16. Nxe4 Nxe4 17. Qf3 Nef6 $1 18. c4 c5 19. dxc5 Nxc5 20. Bxc5 Bxc5 21. Kh1 Qb6 22. Rxd8 Rxd8 23. Re2 h6 24. g3 Nh7 25. g4 $2 ({White should play} 25. Bc2 $15) 25... Ng5 26. Qg3 Qc6+ 27. Kg1 a5 28. a4 Bd6 29. Qg2 Qb6 30. Bc2 Kh8 $17 (30... Qb4 $19 31. Nf3 Qxc4) 31. b3 Qd4 32. Kh1 Qa1+ 33. Qg1 Qxg1+ 34. Kxg1 Nxh3+ 35. Kg2 Nf4+ 36. Kf1 Nxe2 0-1

[Event "ENG-ch Women 2019"]
[Site "Hull"]
[Date "2019.08.30"]
[Round "1.10"]
[White "Gamal, Alaa"]
[Black "Pettit, Felicity Ol"]
[Result "1-0"]
[ECO "D00"]
[WhiteElo "1762"]
[BlackElo "1233"]
[Annotator "NA RC"]
[PlyCount "61"]
[EventDate "2019.08.30"]
[EventType "swiss"]
[EventCountry "ENG"]
[SourceTitle "playchess.com"]
[Source "ChessBase"]
[SourceQuality "1"]
[TimeControl "5400+30"]

1. d4 d5 2. Nf3 Nf6 3. Bg5 g6 4. Nc3 Bg7 5. e3 O-O 6. Bd3 c6 7. Qe2 Re8 8. h3 Nbd7 9. Ne5 Qc7 10. Bf4 Nxe5 11. Bxe5 Qd8 12. O-O-O Bd7 13. Rdg1 b5 14. g4 Qb6 15. h4 a5 16. h5 a4 17. hxg6 hxg6 18. g5 Nh5 19. Rxh5 gxh5 20. Bxg7 Kxg7 21. Qxh5 Rh8 22. Qf3 Qc7 23. Ne2 Qh2 24. g6 f6 25. Bf5 Bxf5 26. Qxf5 Qh5 27. Qe6 Qxe2 28. Qf7+ Kh6 29. g7 Qh5 30. gxh8=Q+ Rxh8 31. Qg7# 1-0

[Event "ENG-ch Women 2019"]
[Site "Hull"]
[Date "2019.08.30"]
[Round "1.11"]
[White "Cakova, Monika"]
[Black "Headlong, Fenella"]
[Result "0-1"]
[ECO "A01"]
[WhiteElo "1150"]
[BlackElo "1761"]
[Annotator "NA RC"]
[PlyCount "60"]
[EventDate "2019.08.30"]
[EventType "swiss"]
[EventCountry "ENG"]
[SourceTitle "playchess.com"]
[Source "ChessBase"]
[SourceQuality "1"]
[TimeControl "5400+30"]

1. e3 e5 2. b3 d5 3. Bb2 Nc6 4. c4 d4 5. Nf3 Bg4 6. Be2 d3 7. e4 dxe2 8. Qxe2 Nb4 9. d3 Nxd3+ 10. Kf1 Nxb2 11. Qxb2 Qd3+ 12. Qe2 O-O-O 13. Qxd3 Rxd3 14. Ne1 Rd1 15. f3 Bb4 16. Ke2 Rxe1+ 17. Rxe1 Bxe1 18. Kxe1 Be6 19. Nc3 Ne7 20. Nb5 a6 21. Na3 Rd8 22. Nc2 Nc6 23. a4 Na5 24. Rb1 f5 25. Ke2 f4 26. Ne1 Nxb3 27. Nd3 Bxc4 28. Rd1 Bxd3+ 29. Rxd3 Nc1+ 30. Kd2 Nxd3 0-1

[Event "ENG-ch Women 2019"]
[Site "Hull"]
[Date "2019.08.30"]
[Round "1.12"]
[White "Sheikh, Anum"]
[Black "Mackenzie, Kira"]
[Result "1-0"]
[ECO "C45"]
[WhiteElo "1693"]
[BlackElo "1142"]
[Annotator "NA"]
[PlyCount "119"]
[EventDate "2019.08.30"]
[EventType "swiss"]
[EventCountry "ENG"]
[SourceTitle "playchess.com"]
[Source "ChessBase"]
[SourceQuality "1"]
[TimeControl "5400+30"]

1. e4 e5 2. Nf3 Nc6 3. d4 exd4 4. Nxd4 Bc5 5. Be3 Nxd4 6. Bxd4 Bxd4 7. Qxd4 f6 8. Bc4 Ne7 9. Nc3 c6 10. O-O-O Qb6 11. Qd2 Qc7 12. f4 b5 13. Bb3 Bb7 14. e5 fxe5 15. fxe5 O-O-O 16. Ne4 Rhf8 17. Nd6+ Kb8 18. Nf7 Rc8 19. Qxd7 Qxd7 20. Rxd7 Rc7 21. Rhd1 Rxd7 22. Rxd7 Nd5 23. Bxd5 cxd5 24. e6 Re8 25. Nd6 Rxe6 26. Rxb7+ Ka8 27. Rd7 Kb8 28. Nxb5 Ra6 29. Rxg7 Rxa2 30. Na3 Ra1+ 31. Kd2 Rf1 32. Rxh7 Rf2+ 33. Kd3 Rxg2 34. Kd4 Rd2+ 35. Kc5 Kc8 36. h4 d4 37. h5 d3 38. cxd3 Rxd3 39. h6 Rf3 40. Rh8+ Kb7 41. h7 Rf5+ 42. Kd6 Rf7 43. Rb8+ Kxb8 44. h8=Q+ Kb7 45. Nc4 Rf1 46. Qg7+ Ka6 47. Qg2 Rf6+ 48. Ke5 Rh6 49. Nd6 Rh5+ 50. Nf5 Kb5 51. Qc2 Rh3 52. Nd4+ Kb4 53. b3 Rc3 54. Nc6+ Rxc6 55. Qxc6 Kxb3 56. Kd4 Kb2 57. Qc3+ Kb1 58. Qb3+ Ka1 59. Kc3 a5 60. Qb2# 1-0

[Event "ENG-ch Women 2019"]
[Site "Hull"]
[Date "2019.08.31"]
[Round "2.1"]
[White "Toma, Katarzyna"]
[Black "Zhu, Yaoyao"]
[Result "1-0"]
[ECO "C77"]
[WhiteElo "2229"]
[BlackElo "1842"]
[Annotator "ChessBase"]
[PlyCount "61"]
[EventDate "2019.08.30"]
[EventType "swiss"]
[EventCountry "ENG"]
[SourceTitle "playchess.com"]
[Source "ChessBase"]
[SourceQuality "1"]
[TimeControl "5400+30"]

1. e4 e5 2. Nf3 Nc6 3. Bb5 a6 4. Ba4 Nf6 5. Qe2 b5 6. Bb3 Bc5 7. c3 O-O 8. O-O d5 9. d3 dxe4 10. dxe4 Qe7 11. Bg5 h6 12. Bh4 Be6 13. Bd5 Bd7 14. Nbd2 Qd6 15. Rfd1 Nh5 16. Nb3 Nf4 17. Qf1 Be8 18. Bxf7+ Bxf7 19. Rxd6 Bxd6 20. Nbd2 g5 21. Bg3 Be6 22. a4 Rab8 23. axb5 axb5 24. Bxf4 Rxf4 25. b4 Rff8 26. Ra6 Bd7 27. Qd3 Ne7 28. Rxd6 cxd6 29. Qxd6 Ra8 30. Qxd7 Rfd8 31. Qxe7 {[%emt 0:01:13] Kf8} 1-0

[Event "ENG-ch Women 2019"]
[Site "Hull"]
[Date "2019.08.31"]
[Round "2.2"]
[White "Hutchinson, Joanne"]
[Black "Longson, Sarah N"]
[Result "0-1"]
[ECO "D00"]
[WhiteElo "1802"]
[BlackElo "2095"]
[Annotator "NA"]
[PlyCount "84"]
[EventDate "2019.08.30"]
[EventType "swiss"]
[EventCountry "ENG"]
[SourceTitle "playchess.com"]
[Source "ChessBase"]
[SourceQuality "1"]
[TimeControl "5400+30"]

1. d4 d5 2. Bf4 c5 3. e3 Nc6 4. c3 Qb6 5. Qb3 c4 (5... Nf6 6. Nd2 c4 7. Qc2 Nh5 8. Bg5 h6 9. Bh4 g5 10. Be2 Ng7 11. Bg3 Bf5 12. Qc1 e6 {1-0 (41) Carlsen,M (2832)-So,W (2812) Leuven 2017}) 6. Qc2 {[%emt 0:00:06] D00: 1 d4 d5: Unusual lines} e5 7. dxe5 Bf5 8. Qc1 Nge7 9. Nf3 Ng6 10. Bg3 $146 ({Predecessor:} 10. Be2 Bc5 11. O-O O-O {0-1 (58) Del Puerto,R (2219)-Latorre Lopez Moreira,L (2375) Asuncion 2017}) 10... Bc5 11. Be2 O-O 12. O-O Rfe8 13. Nd4 Bxd4 14. exd4 Rad8 15. f4 f6 16. Bf2 Qa5 17. g4 Bxb1 18. Rxb1 fxe5 19. fxe5 Qxa2 20. Bg3 Rf8 21. Rxf8+ Rxf8 22. Bd1 Qa5 23. h4 Qd8 24. g5 Nge7 25. Bg4 Nf5 26. Qe1 Nce7 27. Bf2 Ng6 28. b4 Nf4 29. Bxf5 Rxf5 $11 30. Qe3 Qf8 31. Rb2 Ne6 32. Qh3 Qf7 33. Qg2 Nf4 34. Qh2 Qh5 35. Qh1 Qg4+ 36. Kh2 Qh3+ 37. Kg1 Qxh1+ 38. Kxh1 Nd3 39. Re2 Nxf2+ 40. Kg2 Ne4 41. Ra2 a6 42. Rc2 Kf7 0-1

[Event "ENG-ch Women 2019"]
[Site "Hull"]
[Date "2019.08.31"]
[Round "2.3"]
[White "Head, Louise"]
[Black "Gamal, Alaa"]
[Result "1-0"]
[ECO "A57"]
[WhiteElo "2092"]
[BlackElo "1762"]
[Annotator "NA"]
[PlyCount "79"]
[EventDate "2019.08.30"]
[EventType "swiss"]
[EventCountry "ENG"]
[SourceTitle "playchess.com"]
[Source "ChessBase"]
[SourceQuality "1"]
[TimeControl "5400+30"]

1. d4 Nf6 2. c4 c5 3. d5 b5 4. cxb5 a6 5. b6 d6 6. Nc3 Nbd7 7. e4 g6 8. Nf3 Bg7 9. Be2 O-O 10. O-O Nxb6 11. a4 a5 12. Nd2 Ba6 13. Bxa6 Rxa6 {[%emt 0:00:19] A57: Benko/Volga Gambit} 14. Qe2 Qa8 (14... Ra8 15. Rd1 Qd7 16. Nc4 Nxc4 17. Qxc4 Rfb8 18. e5 Rb4 19. Qe2 dxe5 20. Be3 Rc8 21. Qa6 {0-1 (55) Yang,D (2417)-Wang,P (2468) Richardson 2010}) 15. Ra2 $146 ({Predecessor:} 15. Nb5 Rc8 16. Ra2 Qb7 17. b3 Na8 18. Bb2 Nc7 19. f4 Raa8 20. Bxf6 Bxf6 21. e5 {0-1 (47) Polyakov,F (2143)-Tokranovs,D (2337) Riga 2018}) 15... Ne8 16. Nc4 Nc7 17. Nb5 Rc8 18. b3 Qb7 19. Bd2 Nxc4 20. bxc4 ({Of course not} 20. Qxc4 $6 Rca8 $11) 20... Na8 21. Rb1 Rb8 22. Qd3 Qd7 23. Ra3 Nb6 $16 24. Bc3 Bxc3 25. Nxc3 Qd8 26. Rb5 Nd7 27. f4 Rab6 28. Nb1 R8b7 29. Qc3 Ra7 30. Nd2 Rxb5 31. axb5 a4 32. Nb3 Qb6 33. Qa1 axb3 34. Rxa7 b2 35. Ra8+ Nb8 36. Qxb2 Qb7 37. Qa1 f6 38. Qa7 Qxa7 39. Rxa7 Kf7 40. Rb7 1-0

[Event "ENG-ch Women 2019"]
[Site "Hull"]
[Date "2019.08.31"]
[Round "2.4"]
[White "Headlong, Fenella"]
[Black "Bhatia, Kanwal K"]
[Result "1/2-1/2"]
[ECO "C50"]
[WhiteElo "1761"]
[BlackElo "2044"]
[Annotator "NA"]
[PlyCount "53"]
[EventDate "2019.08.30"]
[EventType "swiss"]
[EventCountry "ENG"]
[SourceTitle "playchess.com"]
[Source "ChessBase"]
[SourceQuality "1"]
[TimeControl "5400+30"]

1. e4 e5 2. Nf3 Nc6 3. Bc4 Bc5 4. d3 Nf6 5. Nc3 h6 6. a3 a6 7. Be3 {[%emt 0:04:42] C50: Hungarian Defence and Giuoco Pianissimo} (7. b4 Ba7 8. h3 d6 9. Ne2 Be6 10. Bxe6 fxe6 11. Ng3 O-O 12. c3 Qe8 13. O-O Nh5 14. Nxh5 Qxh5 {½-½ (24) Svidler,P (2741)-Yu,Y (2750) Shenzhen 2017}) 7... d6 8. b4 Bxe3 $146 ({Predecessor:} 8... Ba7 9. h3 b5 10. Bb3 Nd4 11. Bxd4 exd4 12. Nd5 c6 13. Nxf6+ Qxf6 14. a4 Qe7 {1-0 (72) Brkic,A (2563)-Sanal,V (2490) Skopje 2018}) 9. fxe3 Bg4 10. O-O O-O 11. Qe1 Qd7 12. Nh4 Ne7 13. Rxf6 gxf6 14. Qf2 Kh7 15. Rf1 Ng6 16. Nd5 Qd8 17. Nxf6+ Kg7 18. Nf5+ $2 (18. Qg3) 18... Kxf6 19. Nxh6+ {[%emt 0:01:17] Double Attack} Kg7 20. Nxg4 Qg5 21. Qf5 f6 $2 (21... Qxf5 {was called for.} 22. exf5 (22. Rxf5 f6 $11) 22... Nh8 23. f6+ Kg6) 22. Qd7+ Kh8 23. Rf3 Rad8 $18 24. Rh3+ Nh4 25. Qe6 Rde8 26. Qd7 Rd8 27. Qe6 1/2-1/2

[Event "ENG-ch Women 2019"]
[Site "Hull"]
[Date "2019.08.31"]
[Round "2.5"]
[White "Varney, Zoe"]
[Black "Sheikh, Anum"]
[Result "1-0"]
[ECO "B40"]
[WhiteElo "1975"]
[BlackElo "1693"]
[Annotator "NA"]
[PlyCount "127"]
[EventDate "2019.08.30"]
[EventType "swiss"]
[EventCountry "ENG"]
[SourceTitle "playchess.com"]
[Source "ChessBase"]
[SourceQuality "1"]
[TimeControl "5400+30"]

1. e4 c5 2. Nf3 e6 3. c3 Nf6 4. Bd3 Nc6 5. Bc2 (5. O-O d5 6. e5 Nd7 7. Bb5 a6 8. Bxc6 bxc6 9. d3 Be7 10. Re1 O-O 11. c4 f6 12. exf6 Bxf6 13. Nc3 {1-0 (37) Rapport,R (2715)-Lenderman,A (2600) Reykjavik 2018}) 5... d5 6. e5 {[%emt 0:00:09] B40: Sicilian: 2...e6, Unusual lines} Nd7 7. d4 c4 8. Ng5 $146 ({Predecessor:} 8. Bf4 Be7 9. Nbd2 f5 10. exf6 Nxf6 11. O-O O-O {1-0 (50) Wotschke,C (1532)-Polk,M (1239) Bad Sooden 2005}) 8... g6 9. Qf3 Qe7 10. b3 h6 11. Nh3 b5 12. bxc4 bxc4 13. Nf4 Rg8 14. Qh3 Nb6 15. a4 Na5 16. Nd2 Bd7 17. Nf3 (17. O-O $16) 17... O-O-O (17... Nb3 $11 18. Ba3 Qd8) 18. O-O Qe8 19. Bd2 Be7 20. Ne2 h5 21. Ra2 Kb7 22. Bg5 Bxg5 23. Nxg5 Qe7 24. Qe3 Rh8 25. Rb1 h4 26. Qf4 Rdf8 27. Qf6 Qxf6 28. exf6 Rh5 29. Nf3 g5 30. Ne5 Be8 31. f4 gxf4 32. Nxf4 Rg5 33. h3 Rg3 34. Ne2 Rg5 35. Nf3 Rh5 36. Nf4 Rh6 37. Rf1 Rfh8 38. Ne5 Rf8 39. Nxe6 fxe6 40. f7 Bxf7 41. Nxf7 Rxf7 42. Rxf7+ Ka6 43. Rh7 Rxh7 44. Bxh7 Nc6 45. Bg8 Nd8 46. a5 Nd7 47. Re2 Kxa5 48. Bxe6 Nxe6 49. Rxe6 Nb6 50. Re7 a6 51. Kf2 (51. g4 $142) 51... Na4 52. Re3 Nb2 53. Ke2 Ka4 54. Kd2 Kb3 55. Re6 a5 56. Rb6+ Ka3 {[%emt 0:00:32] [#]} 57. Rb5 $1 a4 58. Rxd5 Ka2 59. Kc2 a3 60. Rc5 Ka1 61. d5 a2 62. d6 Nd3 63. Ra5 Nc5 64. d7 1-0